 Dungeon Crawl Stone Soup version 0.17-a0-1093-g0b3cd89 (webtiles) character file.

149 Hanyuu the Insei (level 5, -4/33 HPs)
             Began as an Octopode Transmuter on May 20, 2015.
             Slain by Hanyuu's ghost (9 damage)
             ... on level 3 of the Dungeon.
             The game lasted 00:06:02 (2136 turns).

Hanyuu the Insei (Octopode Transmuter)              Turns: 2136, Time: 00:06:02

Health: -4/33      AC:  2    Str: 10    XL:     5   Next: 31%
Magic:  5/8        EV: 19    Int: 16    God:
Gold:   35         SH:  0    Dex: 17    Spells: 3 memorised, 2 levels left

rFire  . . .     SeeInvis .       - Unarmed
rCold  . . .     Clarity  .     (shield currently unavailable)
rNeg   . . .     SustAb   +     (helmet currently unavailable)
rPois  x         Gourm    .     (no amulet)
rElec  .         Spirit   .     e - ring of sustain abilities
rCorr  .         Warding  .     (no ring)
rMut   .         Stasis   .     (no ring)
MR     .....                    (no ring)
Stlth  ++........               (no ring)
                                (no ring)
                                (no ring)
                                (no ring)

@: lethally poisoned (-4 -> -7), spider-form, not resistant to hostile
enchantments, unstealthy
A: almost no armour, amphibious, 8 rings, (constrict 8), (camouflage 0),
(gelatinous body 0)
a: End Transformation


You were on level 3 of the Dungeon.
You were not hungry.
You were a venomous arachnid creature.
You visited 1 branch of the dungeon, and saw 3 of its levels.

You collected 35 gold pieces.

Inventory:

Missiles
 a - 68 arrows
 m - 20 poisoned needles
 o - 7 tomahawks (quivered)
 p - 23 sling bullets
Jewellery
 e - a ring of sustain abilities (left front leg)
Magical devices
 q - a wand of flame (31)
Scrolls
 d - 2 scrolls of remove curse
 i - a scroll of blinking {unknown}
 k - a scroll of fear {unknown}
 l - 3 scrolls of identify
Potions
 h - a potion of flight {unknown}
 j - a potion of might {unknown}
Books
 b - a book of Changes

   Spells                             Type                      Level
   a - Beastly Appendage              Transmutation                1
   b - Sticks to Snakes               Transmutation                2
   c - Spider Form                    Transmutation/Poison         3
   d - Ice Form                       Ice/Transmutation            4
   e - Blade Hands                    Transmutation                5
Comestibles
 c - 3 bread rations
 f - a fruit


   Skills:
 - Level 1.0 Fighting
 - Level 2.0 Dodging
 + Level 5.3 Unarmed Combat
 - Level 2.0 Spellcasting
 * Level 3.1 Transmutations


You had 2 spell levels left.
You knew the following spells:

 Your Spells              Type           Power        Failure   Level  Hunger
a - Beastly Appendage     Trmt           ##....       21%         1    #......
b - Sticks to Snakes      Trmt           ##........   24%         2    ###....
c - Spider Form           Trmt/Pois      #.........   56%         3    ###....


Dungeon Overview and Level Annotations

Branches:
Dungeon (3/15)

Altars:
Gozag

Annotations:
D:3 Hanyuu's ghost, average OpTm


Innate Abilities, Weirdness & Mutations

You cannot wear most types of armour.
You are amphibious.
You can wear up to eight rings at the same time.
((You can use your tentacles to constrict eight enemies at once.))
((Your skin changes colour to match your surroundings (Stealth).))
((Your rubbery body absorbs attacks (AC +1).))


Message History

The adder poisons you!
You tentacle-slap the adder.
The adder is severely wounded.
You constrict the adder.
You feel sick. The adder barely misses you.
You tentacle-slap the adder.
The adder is almost dead.
You constrict the adder.
You kill the adder!
Your Transmutations skill increases to level 3!
You bludgeon the goblin!
You kill the goblin!
You feel sick. Hanyuu's ghost hits you.
* * * LOW HITPOINT WARNING * * *
You see here a stone.
Casting: Beastly Appendage
Confirm with . or Enter, or press ? or * to list all spells.
You turn into a venomous arachnid creature.
You feel sick. Hanyuu's ghost hits you!
You die...

#.#.####..###......
#...#... #......
##..#.### ######.
#..>...######.....
.####.............####
....<...%##...##.......
..##.###)# #........).
#.#.W.# ####....... #
#s#########.......
#.####............
#......####.......
######## #.......
#....(.. ########


You could see Hanyuu's ghost.

Vanquished Creatures
  A big kobold (D:3)
  Ijyb (D:3)
  2 adders (D:3)
  A giant gecko (D:3)
  A giant cockroach (D:1)
  9 goblins
  7 hobgoblins
  4 jackals (D:1)
  6 bats
  3 giant newts (D:1)
  6 kobolds
  3 rats (D:1)
44 creatures vanquished.

Notes
Turn   | Place    | Note
--------------------------------------------------------------
     0 | D:1      | Hanyuu the Octopode Transmuter began the quest for the Orb.
     0 | D:1      | Reached XP level 1. HP: 13/13 MP: 3/3
   314 | D:1      | Reached XP level 2. HP: 18/18 MP: 5/5
   742 | D:1      | Reached skill level 4 in Unarmed Combat
   747 | D:1      | Reached XP level 3. HP: 17/23 MP: 3/6
   754 | D:1      | Learned a level 2 spell: Sticks to Snakes
   763 | D:1      | Learned a level 3 spell: Spider Form
  1604 | D:2      | Found an opulent altar of Gozag.
  1780 | D:3      | Noticed a big kobold
  1780 | D:3      | Noticed Hanyuu's ghost (average OpTm)
  1853 | D:3      | Noticed Ijyb
  1866 | D:3      | Killed Ijyb
  1866 | D:3      | Reached skill level 5 in Unarmed Combat
  1866 | D:3      | Reached XP level 4. HP: 17/28 MP: 3/7
  2019 | D:3      | Killed a big kobold
  2019 | D:3      | Reached XP level 5. HP: 22/33 MP: 5/8
  2124 | D:3      | HP: 1/33 [adder (4)]
  2136 | D:3      | Slain by Hanyuu's ghost

Vault maps used:
D:1:      lightli_arrival_chessboard
D:2:      kennysheep_the_goblin_king, grunt_gozag_statues, first_bread
D:3:      nicolae_ru_sacrificial_ziggurat, nicolae_overflow_hidden_temple,
          kennysheep_generic_room_15, uniq_iyjb

Action                   |  1- 3 |  4- 6 || total
-------------------------+-------+-------++-------
Melee: Unarmed           |    89 |    23 ||   112
 Cast: Beastly Appendage |     2 |     1 ||     3
       Spider Form       |     1 |     2 ||     3
  Use: Scroll            |     2 |       ||     2
       Potion            |       |     2 ||     2
 Stab: Sleeping          |     3 |       ||     3
  Eat: Chunk             |     3 |       ||     3
       Fruit             |       |     1 ||     1
